 Dungeon Crawl Stone Soup version 0.22-a0-880-gb7b0c8b (webtiles) character file.

1250 Kuinu the Skirmisher (level 8, -3/70 HPs)
             Began as a Yellow Draconian Warper on July 30, 2018.
             Slain by a water moccasin (6 damage)
             ... on level 6 of the Dungeon.
             The game lasted 00:16:01 (6999 turns).

Kuinu the Skirmisher (Yellow Draconian Warper)      Turns: 6999, Time: 00:16:02

Health: -3/70      AC:  8    Str: 17    XL:     8   Next: 26%
Magic:  13/13      EV: 13    Int: 13    God:
Gold:   443        SH:  0    Dex: 10    Spells: 4/14 levels left

rFire    . . .     SeeInvis .   i - -3 scythe (curse)
rCold    . . .     Gourm    .   (shield currently unavailable)
rNeg     . . .     Faith    .   (armour unavailable)
rPois    .         Spirit   .   (helmet restricted)
rElec    .         Reflect  .   k - +1 cloak
rCorr    +         Harm     .   (no gloves)
MR       .....     Rnd*Tele +   (no boots)
Stlth    +.........             (no amulet)
HPRegen  0.21/turn              h - ring of teleportation (curse)
MPRegen  0.13/turn              y - -2 ring of slaying (curse)

@: no status effects
A: spit acid, acid resistance, unfitting armour, cold-blooded, AC +6
a: Breathe Acid


You were on level 6 of the Dungeon.
You were hungry.

You visited 1 branch of the dungeon, and saw 6 of its levels.

You collected 443 gold pieces.

Inventory:

Hand Weapons
 a - a +0 falchion
 i - a cursed -3 scythe (weapon)
 o - a +0 dagger of electrocution
 u - a +1 long sword
Missiles
 d - 5 tomahawks of dispersal (quivered)
Armour
 k - a +1 cloak (worn)
Jewellery
 h - a cursed ring of teleportation (left hand)
 r - an uncursed ring of protection from fire
 v - an uncursed ring of flight
 y - a cursed -2 ring of slaying (right hand)
Wands
 m - a wand of paralysis (17)
Scrolls
 c - 4 scrolls of blinking
 g - a scroll of noise
 j - 2 scrolls of enchant armour
 n - a scroll of enchant weapon
 t - a scroll of amnesia
 w - a scroll of teleportation
 A - a scroll of identify
Potions
 b - a potion of haste
 e - 3 potions of curing
 l - a potion of brilliance
 p - a potion of flight
 q - a potion of lignification {unknown}
 s - 2 potions of agility
 z - a potion of magic {unknown}
Comestibles
 f - 7 rations
 x - a chunk of flesh


   Skills:
 * Level 6.1 Fighting
 * Level 5.7 Long Blades
 - Level 0.8 Throwing
 + Level 4.0 Dodging
 + Level 3.7 Spellcasting
 * Level 4.9 Translocations


You had 4 spell levels left.
You knew the following spells:

 Your Spells              Type           Power        Failure   Level  Hunger
a - Shroud of Golubria    Chrm/Tloc      #.........   12%         2    ##.....
b - Blink                 Tloc           N/A          4%          2    ##.....
c - Gell's Gravitas       Tloc           ###.......   9%          3    ###....
d - Teleport Other        Tloc           ###.....     9%          3    ###....

Your spell library contained the following spells:

 Spells                   Type           Power        Failure   Level  Hunger
 Magic Dart               Conj           #...         22%         1    #......
 Conjure Flame            Conj/Fire      #.......     54%         3    ###....
 Slow                     Hex            #.......     32%         2    ##.....
 Mephitic Cloud           Conj/Pois/Air  #.......     54%         3    ###....
 Call Imp                 Summ           #.......     32%         2    ##.....
 Passage of Golubria      Tloc           N/A          28%         4    #####..
 Lesser Beckoning         Tloc           ###.......   9%          3    ###....


Dungeon Overview and Level Annotations

Branches:
Dungeon (6/15)
 Temple: D:4-7

Altars:
Kikubaaqudgha
Makhleb
Nemelex Xobeh
Trog


Innate Abilities, Weirdness & Mutations

You can spit globs of acid.
You are resistant to acid.
Your golden yellow scales are hard. (AC +6)
You cannot fit into any form of body armour.
You are cold-blooded and may be slowed by cold attacks.


Message History

Your tail-slap misses the water moccasin.
The water moccasin barely misses you.
The water moccasin bites you but does no damage.
The ogre hits you with a giant club!!
* * * LOW HITPOINT WARNING * * *
The water moccasin bites you!
* * * LOW HITPOINT WARNING * * *
The water moccasin bites you.
* * * LOW HITPOINT WARNING * * *
The water moccasin completely misses you.
The water moccasin barely misses you. The water moccasin misses you.
The water moccasin bites you but does no damage.
The water moccasin closely misses you.
Okay, then.
The water moccasin bites you.
* * * LOW HITPOINT WARNING * * *
The water moccasin barely misses you. The water moccasin bites you.
You die...

#......(..........#
..##....#.#####<#.# #...
####.#..#.# #.#.# #..###
.....#..#.# #.#.# #.... #
#######.#.# #>#.# #...# # #
#.#.# #.#.# #...# # # ####.#.#
#.#.# #...# # #
#....#.#####.#.# #####...#####
#
#............@S###...........#
#
#.....##........O.............
#
#[....##........##..)........#
#
#.....##...#.##.####)#...#.###
#####...........##.# #.#.).#.#
# ..# #.##.#...##.##.#
#.#...#.# # #.#
#.##.#.........# #.#...#.# #
#.# #.##........#### #.##.##.#
# #.# #.#....####.# #........


You could see a water moccasin and an ogre.

Vanquished Creatures
  Sigmund (D:5)
  2 phantoms
  2 ogres (D:5)
  A centaur (D:5)
  A bullfrog (D:6)
  A scorpion (D:5)
  A crimson imp (D:5)
  A hound (D:5)
  2 bullfrog zombies (D:5)
  2 orc priests
  2 orc wizards
  2 worker ants
  Natasha (thrice) (D:3)
  A hound skeleton (D:5)
  6 adders
  An ooze (D:5)
  3 worms
  2 dart slugs (D:3)
  4 leopard geckos
  14 orcs
  7 giant cockroaches
  8 goblins
  3 hobgoblins
  6 jackals
  2 quokkas
  A ball python (D:3)
  8 bats
  3 frilled lizards
  11 kobolds
  A quokka skeleton (D:5)
  11 rats
113 creatures vanquished.

Notes
Turn   | Place    | Note
-------+----------+-------------------------------------------
     0 | D:1      | Kuinu the Draconian Warper began the quest for the Orb.
     0 | D:1      | Reached XP level 1. HP: 17/17 MP: 3/3
   524 | D:1      | Reached XP level 2. HP: 25/25 MP: 5/5
   531 | D:1      | Learned a level 2 spell: Shroud of Golubria
   534 | D:1      | Learned a level 2 spell: Blink
   850 | D:2      | Reached XP level 3. HP: 24/30 MP: 4/6
   923 | D:2      | Reached skill level 3 in Fighting
  1451 | D:2      | Noticed a moth of wrath
  1454 | D:2      | Found a bloodstained altar of Trog.
  2144 | D:3      | Reached XP level 4. HP: 33/38 MP: 4/7
  2848 | D:3      | Reached XP level 5. HP: 29/46 MP: 8/8
  3292 | D:3      | Noticed Natasha
  3298 | D:3      | Killed Natasha
  3298 | D:3      | Reached skill level 4 in Fighting
  3488 | D:3      | Found a burning altar of Makhleb.
  3488 | D:3      | Noticed Natasha
  3497 | D:3      | Killed Natasha
  3588 | D:3      | Noticed Natasha
  3599 | D:3      | Killed Natasha
  3599 | D:3      | Reached XP level 6. HP: 10/53 MP: 8/10
  4006 | D:3      | Learned a level 3 spell: Gell's Gravitas
  4010 | D:3      | Learned a level 3 spell: Teleport Other
  4706 | D:5      | Entered Level 5 of the Dungeon
  4716 | D:5      | Noticed Sigmund
  5480 | D:5      | Your scales start taking on a golden yellow colour.
  5480 | D:5      | Reached XP level 7. HP: 59/60 MP: 8/11
  5584 | D:5      | Reached skill level 5 in Fighting
  5651 | D:5      | Found an ancient bone altar of Kikubaaqudgha.
  5660 | D:5      | Paralysed by a crimson imp for 3 turns
  5911 | D:5      | Killed Sigmund
  5911 | D:5      | Reached skill level 5 in Long Blades
  6199 | D:5      | Reached XP level 8. HP: 70/70 MP: 13/13
  6424 | D:5      | Found a sparkling altar of Nemelex Xobeh.
  6456 | D:5      | Reached skill level 6 in Fighting
  6984 | D:6      | HP: 3/70 [water moccasin (1)]
  6994 | D:6      | HP: 2/70 [water moccasin (3)]
  6999 | D:6      | Slain by a water moccasin

Vault maps used:
D:1:      eino_arrival_water_star
D:2:      tgw_trog
D:3:      old_standard_altar, first_ration, serial_corexii_hall,
          corexii_hall_statues_l, corexii_hall_statues_t,
          corexii_hall_statues_l, minivault_5, uniq_natasha
D:5:      basic_altar, nemelex_dance_club_becter, uniq_sigmund
D:6:      kennysheep_generic_room_9

Skill      XL: |  1  2  3  4  5  6  7  8 |
---------------+-------------------------+-----
Fighting       | 3 4 5 6 |  6.1
Long Blades    | 3 4 5 |  5.7
Dodging        | 3 4 |  4.0
Spellcasting   | 3 |  3.7
Translocations | 4 |  4.9
Throwing       | |  0.8

Action                   |  1- 3 |  4- 6 |  7- 9 || total
-------------------------+-------+-------+-------++-------
Melee: Falchion          |   145 |   161 |       ||   306
       Tailslap          |    19 |    29 |    20 ||    68
       Long sword        |       |    46 |   130 ||   176
       Scythe            |       |       |    12 ||    12
 Cast: Shroud of Golubri |     6 |    18 |    11 ||    35
 Abil: Breathe Acid      |       |       |     2 ||     2
  Use: Scroll            |       |     5 |     8 ||    13
       Potion            |       |       |     2 ||     2
 Stab: Distracted        |       |       |     1 ||     1
  Eat: Chunk             |     4 |    13 |     2 ||    19
       Ration            |       |       |     1 ||     1
Armor: Skin              |    49 |    63 |    61 ||   173
Dodge: Dodged            |   118 |   147 |   160 ||   425
       Rpst.: Falchion   |    32 |    31 |       ||    63
       Long sword        |       |     8 |    48 ||    56

Table legend:
 A = Spawn XP
 B = Non-spawn XP
 C = Spawn XP percentage of total XP
 D = Spawn monster count
 E = Non-spawn monster count
 F = Spawn count percentage of total count
 G = Total turns spent on level
                    A         B        C        D         E        F      G
               +---------+---------+-------+---------+---------+-------+---------
         Total |       0 |    1786 |   0.0 |       0 |     113 |   0.0 |  6999
               +---------+---------+-------+---------+---------+-------+---------
           D:1 |       0 |      23 |   0.0 |       0 |      14 |   0.0 |  1150
           D:2 |       0 |     140 |   0.0 |       0 |      31 |   0.0 |  1526
           D:3 |       0 |     263 |   0.0 |       0 |      34 |   0.0 |  1685
           D:4 |       0 |      16 |   0.0 |       0 |       2 |   0.0 |   353
           D:5 |       0 |    1091 |   0.0 |       0 |      28 |   0.0 |  1481
           D:6 |       0 |     253 |   0.0 |       0 |       4 |   0.0 |   804
               +---------+---------+-------+---------+---------+-------+---------
